 Dungeon Crawl Stone Soup version 0.30.1-11-g7821555f0a (webtiles) character file.

Game seed: 3832194227936045992

267874 orpdorp the Lord of Darkness (level 19, -14/89 HPs)
             Began as a Deep Elf Earth Elementalist on Dec 29, 2023.
             Was the Champion of Kikubaaqudgha.
             Shot with an arrow by a deep elf master archer (24 damage)
             ... on level 3 of the Elven Halls on Dec 30, 2023.
             The game lasted 01:47:34 (46575 turns).

orpdorp the Lord of Darkness (DEEE)                Turns: 46575, Time: 01:47:35

Health: -14/89     AC: 13    Str:  7    XL:     19   Next: 36%
Magic:  6/55       EV: 12    Int: 27    God:    Kikubaaqudgha [******]
Gold:   2839       SH:  0    Dex: 15    Spells: 6/61 levels left

rFire   + + .        W - +8 hand axe of the Hummingbird {vamp, Fragile rElec rF+ Will++}
rCold   + . .        (no shield)
rNeg    . . .        v - +2 robe {rC+ rF+}
rPois   .            h - +2 helmet
rElec   +            l - scarf {repulsion}
rCorr   .            t - +2 pair of gloves
SInv    .            P - +2 pair of boots
Will    +++..        u - amulet of magic regeneration
Stlth   ++           e - ring of magical power
HPRegen 0.34/turn    z - ring of wizardry
MPRegen 0.74/turn

%: repel missiles, wizardry (x1)
@: about to teleport, on vortex cooldown, on death's door cooldown
A: no striking features
}: 2/15 runes: serpentine, barnacled
a: Renounce Religion, Unearth Wretches, Torment


You were on level 3 of the Elven Halls.
You worshipped Kikubaaqudgha.
Kikubaaqudgha was exalted by your worship.
You visited 8 branches of the dungeon, and saw 35 of its levels.
You visited 1 bazaar.
You also visited: Sewer and Ossuary.

You collected 3689 gold pieces.
You spent 850 gold pieces at shops.

Inventory:

Hand Weapons
 B - a +3 whip of pain
 W - the +8 hand axe of the Hummingbird (weapon) {vamp, Fragile rElec rF+ Will++}
   (You took it off a centaur warrior on level 13 of the Dungeon)

   rF:        It protects you from fire.
   rElec:     It insulates you from electricity.
   Fragile:   It will be destroyed if unequipped.
   Will:      It greatly increases your willpower.
 X - the +8 morningstar "Ciulunk" {flame, rF+ rN+ Will+ Str+2}
   (You bought it in a shop in a bazaar)

   Str:       It affects your strength (+2).
   rF:        It protects you from fire.
   rN:        It protects you from negative energy.
   Will:      It increases your willpower.
Armour
 a - a +2 robe of willpower
 h - a +2 helmet (worn)
 i - the +2 robe of a volcano {Str+4}
   (You found it on level 1 of the Shoals)

   Str:       It affects your strength (+4).
 l - a scarf of repulsion (worn)
 t - a +2 pair of gloves (worn)
 v - a +2 robe of resistance (worn)
 P - a +2 pair of boots (worn)
 S - the +3 warlock's mirror {omnireflect}
   (You found it on level 11 of the Dungeon)

   Omnireflect: It can block and reflect piercing ranged attacks and magical
   attacks against the wielder's willpower.
Magical Staves
 V - a staff of cold
Jewellery
 b - a ring of flight
 e - a ring of magical power (left hand)
 u - an amulet of magic regeneration (around neck)
 z - a ring of wizardry (right hand)
 A - a ring of protection from fire
 D - a ring of positive energy
 U - a +6 ring of intelligence
Wands
 r - a wand of quicksilver (8)
 L - a wand of charming (7)
 Q - a wand of mindburst (7)
Scrolls
 d - 2 scrolls of enchant armour
 j - 3 scrolls of amnesia
 n - 12 scrolls of vulnerability
 p - 4 scrolls of silence
 w - 4 scrolls of teleportation
 y - 2 scrolls of fog
 E - 4 scrolls of brand weapon
 F - a scroll of magic mapping
 K - 3 scrolls of torment
 M - 21 scrolls of identify
 O - 3 scrolls of immolation
 T - 4 scrolls of fear
Potions
 c - 16 potions of curing
 f - 8 potions of might
 g - 2 potions of haste
 k - 3 potions of mutation
 m - 3 potions of ambrosia
 o - 6 potions of flight
 q - 4 potions of resistance
 x - 7 potions of lignification
 C - 2 potions of cancellation
 H - 11 potions of heal wounds
 I - 3 potions of berserk rage
 N - 2 potions of brilliance
Miscellaneous
 J - a box of beasts (inert)
 R - a phantom mirror


   Skills:
 - Level 0.2 Maces & Flails
 - Level 2.4 Dodging
 - Level 2.4 Stealth
 + Level 21.5 Spellcasting
 - Level 5.0 Conjurations
 - Level 25.0 Necromancy
 - Level 8.1 Transmutations
 * Level 23.0 Ice Magic
 - Level 3.2 Earth Magic
 - Level 2.1 Evocations


You had 6 spell levels left.
You knew the following spells:

 Your Spells              Type           Power      Damage    Failure   Level
a - Polar Vortex          Ice            50%        N/A       4%          9
b - Passwall              Tmut/Erth      46%        N/A       1%          2
c - Stone Arrow           Conj/Erth      100%       3d13      1%          3
e - Borgnjor's Vile Clut  Necr/Erth      40%        N/A       1%          5
f - Dispel Undead         Necr           100%       3d31      0%          4
g - Ozocubu's Refrigerat  Ice            50%        4d18      1%          7
h - Borgnjor's Revivific  Necr           52%        N/A       1%          8
i - Death's Door          Necr           52%        N/A       1%          9
j - Necromutation         Tmut/Necr      43%        N/A       4%          8

Your spell library contained the following spells:

 Spells                   Type           Power      Damage    Failure   Level
 Necrotise                Necr           100%       1d9       0%          1
 Ensorcelled Hibernation  Hex/Ice        100%       N/A       0%          2
 Sublimation of Blood     Necr           100%       N/A       0%          2
 Ozocubu's Armour         Ice            100%       N/A       0%          3
 Vampiric Draining        Necr           100%       2d13      0%          3
 Agony                    Necr           100%       N/A       0%          5
 Death Channel            Necr           52%        N/A       0%          6
 Simulacrum               Ice/Necr       51%        N/A       0%          6
 Sandblast                Erth           92%        2d19      1%          1
 Cigotuvi's Dreadful Rot  Necr/Pois/Air  100%       N/A       1%          2
 Poisonous Vapours        Pois/Air       58%        N/A       1%          2
 Call Canine Familiar     Summ           29%        N/A       1%          3
 Dazzling Flash           Conj/Hex       84%        N/A       1%          3
 Ignite Poison            Fire/Tmut/Pois 43%        N/A       1%          3
 Mephitic Cloud           Conj/Pois/Air  38%        N/A       1%          3
 Portal Projectile        Hex/Tloc       58%        N/A       1%          3
 Spider Form              Tmut/Pois      50%        N/A       1%          3
 Summon Guardian Golem    Hex/Summ       29%        N/A       1%          3
 Volatile Blastmotes      Fire/Tloc      58%        2d14      1%          3
 Anguish                  Hex/Necr       38%        N/A       1%          4
 Iskenderun's Mystic Bla  Conj/Tloc      42%        2d10      1%          4
 Petrify                  Tmut/Erth      56%        N/A       1%          4
 Sticky Flame             Conj/Fire      42%        2d6       1%          4
 Blade Hands              Tmut           32%        N/A       1%          5
 Freezing Cloud           Conj/Ice/Air   34%        6-21      1%          5
 Irradiate                Conj/Tmut      29%        3d21      1%          5
 Metabolic Englaciation   Hex/Ice        37%        N/A       1%          5
 Leda's Liquefaction      Hex/Erth       19%        N/A       2%          4
 Manifold Assault         Tloc           29%        N/A       5%          4
 Starburst                Conj/Fire      21%        6d7       26%         6
 Dispersal                Tloc           14%        N/A       58%         6
 Infestation              Necr           52%        N/A       1%          8
 Haunt                    Necr/Summ      38%        N/A       2%          7
 Dragon Form              Tmut           32%        N/A       16%         7
 Orb of Destruction       Conj           27%        9d9       45%         7
 Spellforged Servitor     Conj/Summ      21%        N/A       80%         7
 Disjunction              Tloc           14%        N/A       100%        8
 Ignition                 Fire           14%        3d6       100%        8


Dungeon Overview and Level Annotations

Branches:
Dungeon (15/15)            Temple (1/1) D:5            Lair (5/5) D:9
 Shoals (4/4) Lair:2        Snake (4/4) Lair:3        Slime (0/5) Lair:4
    Orc (2/2) D:9             Elf (3/3) Orc:2        Vaults (1/5) D:14
 Depths (0/4) D:15          Sewer (visited)         Ossuary (visited)

Altars:
Ashenzari
Cheibriados
Dithmenos
Elyvilon
Fedhas
Gozag
Hepliaklqana
Kikubaaqudgha
Makhleb
Nemelex Xobeh
Okawaru
Qazlal
Ru
Sif Muna
Trog
Uskayaw
Vehumet
Wu Jian
Xom
Yredelemnul
Zin
The Shining One
Jiyva

Shops:
D:4 !   D:10 !*   D:14 !   Orc:2 ?(*(

Annotations:
D:8 3 runed translucent doors, Tang's ghost, novice HuMo
Shoals:3 2 transporters, kelmen2's ghost, adept MiBe
Elf:2 3 runed translucent doors


Message History

The deep elf annihilator resists.
Flame seeps out of the deep elf annihilator.
The deep elf annihilator is severely wounded.
You kill the chaos spawn!
The chaos spawn degenerates into a cloud of primal chaos!
Flame seeps out of the deep elf annihilator.
The deep elf master archer shoots an arrow.
The arrow barely misses you.
A deep elf demonologist comes into view.
It is wielding a +0 dagger.
A deep elf demonologist comes into view.
It is wielding a staff of cold and wearing a +1 leather armour of fire resistance.
The deep elf master archer shoots an arrow.
The arrow hits you!!
As you read the scroll of teleportation, it crumbles to dust.
You feel strangely unstable. Kikubaaqudgha accepts your kill.
You feel a bit more experienced.
You kill the deep elf demonologist!
Kikubaaqudgha accepts your kill.
You hear an explosion!
The deep elf demonologist mumbles some strange words.
The deep elf demonologist casts a spell.
Casting: Ozocubu's Refrigeration (safe; 1% risk of failure)
Confirm with . or Enter, or press ? or * to list all spells.
You don't have enough magic to cast this spell.
The winds around you start to calm down.
You float gracefully downwards.
The neqoxec shouts!
The deep elf master archer shoots an arrow.
The arrow barely misses you.
The deep elf demonologist mumbles some strange words.
The deep elf master archer shoots an arrow.
The arrow misses you.
Things that are here:
a +0 long sword; a +0 scale mail You are engulfed in whirling frost.
Your life is in your own hands again!
The deep elf master archer shoots an arrow.
The arrow hits you!!
You die...
Kikubaaqudgha rasps: "You have failed me!
Welcome... death!"

..).# **,....44## ....#
**,,,..e3..## ....#
**,,,*#§§e§§§## ...##
*,,,*##§§1§§§§# ..##
*,,**#§§§§§§§§# .##
*,***,§§§§§§§§# '#
****,,,#§§§§§#* .####
*,,,*##)§§#* ....#
**,*##@§§## ....#
**##§§§## ''### #§§§##
...## ####
####e######### ....#
#..# #..#.[.......#
....#
#..###''###......#*
....###..##....##'###''#
....+....#.....##.# #..#
....###<.#...[.##.# #..#


You could see an Ice Fiend (summoned), a deep elf master archer, a deep elf
demonologist (empowered) and a neqoxec (summoned).

Vanquished Creatures
  Mara (Shoals:4)
  Vashnia (Snake:4)
  Saint Roka (Orc:2)
  2 deep elf blademasters (Elf:3)
  A deep elf master archer (Elf:3)
  Frances (D:12)
  2 sphinxes (Shoals:4)
  Kirke (Shoals:1)
  Agnes (Snake:1)
  13 nagarajas (Snake:4)
  4 deep elf sorcerers
  A frost giant (D:15)
  Aizul (Snake:3)
  Louise (D:14)
  A vault warden (Vaults:1)
  2 deep elf elementalists (Elf:3)
  4 ironbound preservers (Vaults:1)
  An orc warlord (Vaults:1)
  An ironbound thunderhulk (Vaults:1)
  Nessos (Orc:2)
  2 deep elf demonologists (Elf:3)
  2 minotaurs (Shoals:4)
  6 deep elf annihilators (Elf:3)
  3 deep elf death magi (Elf:3)
  9 dire elephants
  3 merfolk impalers
  A yaktaur captain (Vaults:1)
  2 deep elf high priests
  Harold (Lair:2)
  2 hydras
  An ogre mage (Orc:1)
  A merfolk avatar (Shoals:1)
  3 catoblepae
  3 ironbound frosthearts (Vaults:1)
  2 salamander tyrants
  5 anacondas
  An alligator snapping turtle (Shoals:3)
  16 centaur warriors
  4 boulder beetles
  A merfolk aquamancer (Shoals:4)
  15 dancing weapons
  4 two-headed ogres
  8 naga warriors
  8 satyrs (Shoals:4)
  5 death yaks
  A deep troll shaman (Lair:5)
  4 tengu warriors (D:15)
  17 naga sharpshooters
  Urug (D:14)
  4 deep elf knights
  5 shock serpents
  Amaemon (Lair:2)
  20 sea snakes
  3 skysharks
  A salamander mystic (Snake:3)
  3 deep trolls (Vaults:1)
  8 lindwurms (Vaults:1)
  10 naga ritualists
  5 orc knights
  2 ironbound convokers (Vaults:1)
  4 deep elf archers
  16 harpies
  14 wizards
  19 deep elf zephyrmancers
  6 cyclopes
  15 deep elf pyromancers
  An orc sorcerer (Orc:2)
  18 ugly things
  10 fauns
  13 mana vipers
  16 elephants
  11 salamanders
  A wolf spider (D:14)
  6 manticores
  Maurice (D:13)
  3 merfolk sirens
  2 torpor snails (Lair:5)
  9 naga magi
  26 black mambas
  An eye of devastation (shapeshifter) (Elf:3)
  3 vault sentinels (Vaults:1)
  5 water nymphs
  An orange demon (Lair:2)
  5 guardian serpents
  Maggie (D:8)
  3 gargoyles
  7 cane toads
  4 yaktaurs (Vaults:1)
  A freezing wraith (D:15)
  An efreet (D:15)
  11 komodo dragons
  19 merfolk
  4 wind drakes
  2 polar bears
  3 trolls
  23 blink frogs
  A blink frog (shapeshifter) (D:13)
  2 dream sheep (Shoals:3)
  4 hornets (Orc:1)
  Prince Ribbit (D:6)
  9 snapping turtles
  A centaur simulacrum (D:15)
  5 shadows
  16 water elementals
  3 wyverns
  2 fire bats (Lair:5)
  3 wraiths
  5 basilisks
  A fire elemental (Lair:5)
  3 hogs (Shoals:1)
  37 yaks
  Eustachio (D:6)
  17 humans
  3 chaos spawn (Elf:1)
  10 vampire mosquitoes
  37 nagas
  2 steam dragons
  5 wargs
  5 acid dragons
  2 floating eyes (Orc:1)
  38 water moccasins
  45 orc warriors
  6 black bears
  2 ice beasts
  9 wolves
  10 ogres
  3 boggarts (D:15)
  20 centaurs
  A phantom (D:7)
  3 kobold brigands
  8 bullfrogs
  3 scorpions
  6 wights
  17 killer bees
  A troll zombie (D:9)
  An electric eel (Snake:3)
  2 vampire bats (D:5)
  7 howler monkeys
  5 jellies
  19 orc priests
  4 hounds
  3 gnoll boudas
  2 iguanas
  21 orc wizards
  A sleepcap (D:6)
  7 ogre zombies (D:9)
  8 mummies (Ossuary)
  25 gnolls
  3 river rats (Sewer)
  31 adders
  An ufetubus (D:4)
  3 worms
  5 dart slugs
  73 orcs
  16 ball pythons
  4 endoplasms
  3 giant cockroaches
  10 goblins
  15 hobgoblins
  2 jackals (D:1)
  4 quokkas
  10 bats
  4 frilled lizards
  A gnoll zombie (Ossuary)
  A goblin skeleton (D:9)
  4 goblin zombies
  A hobgoblin skeleton (D:9)
  4 hobgoblin zombies
  30 kobolds
  2 kobold zombies (Ossuary)
  3 orc skeletons (D:9)
  18 orc zombies
  23 rats
  A rat zombie (D:5)
1243 creatures vanquished.

Vanquished Creatures (collateral kills)
  An alligator snapping turtle (Shoals:2)
  A naga warrior (Snake:4)
  An ugly thing (D:15)
3 creatures vanquished.

Vanquished Creatures (others)
  3 humans (Shoals:1)
  A yak (Lair:4)
  An orc wizard (D:8)
5 creatures vanquished.

Grand Total: 1251 creatures vanquished

Notes
Turn   | Place    | Note
-------+----------+-------------------------------------------
     0 | D:1      | orpdorp the Deep Elf Earth Elementalist began the quest for
                  | the Orb.
     0 | D:1      | Reached XP level 1. HP: 10/10 MP: 6/6
     8 | D:1      | Found a faded altar of an unknown god.
   191 | D:1      | Reached skill level 1 in Conjurations
   232 | D:1      | Reached XP level 2. HP: 15/15 MP: 6/8
   235 | D:1      | Learned a level 2 spell: Passwall
   702 | D:1      | Reached XP level 3. HP: 18/19 MP: 3/10
   774 | D:1      | Learned a level 3 spell: Stone Arrow
  1725 | D:2      | Reached XP level 4. HP: 19/24 MP: 6/12
  2729 | D:3      | Reached XP level 5. HP: 28/28 MP: 14/14
  3289 | D:4      | Noticed an ogre
  3294 | D:4      | Killed an ogre
  3295 | D:4      | Reached skill level 5 in Spellcasting
  3295 | D:4      | Reached skill level 5 in Conjurations
  3326 | D:4      | Noticed a water moccasin
  3334 | D:4      | Killed a water moccasin
  3335 | D:4      | Reached XP level 6. HP: 28/32 MP: 16/16
  3394 | D:4      | Reached skill level 2 in Necromancy
  3510 | D:4      | Reached skill level 3 in Necromancy
  3615 | D:4      | Reached XP level 7. HP: 36/36 MP: 18/18
  3737 | D:4      | Found Vikhedao's Distillery.
  3745 | D:4      | Bought a potion of heal wounds for 55 gold pieces
  3927 | D:4      | Reached skill level 4 in Necromancy
  4211 | D:5      | Entered Level 5 of the Dungeon
  4320 | D:5      | Reached skill level 5 in Necromancy
  4356 | D:5      | Found a sand-covered staircase.
  4369 | Ossuary  | Entered an ossuary
  4514 | Ossuary  | Reached skill level 6 in Necromancy
  4759 | D:5      | Reached XP level 8. HP: 33/41 MP: 21/21
  4930 | D:5      | Found a staircase to the Ecumenical Temple.
  4936 | Temple   | Entered the Ecumenical Temple
  4944 | Temple   | Became a worshipper of Kikubaaqudgha
  5128 | D:5      | Reached skill level 7 in Necromancy
  5454 | D:6      | Noticed Prince Ribbit
  5454 | D:6      | Noticed Eustachio
  5458 | D:6      | Killed Eustachio
  5459 | D:6      | Reached skill level 8 in Necromancy
  5621 | D:6      | Found a glowing drain.
  5632 | Sewer    | Entered a sewer
  5690 | Sewer    | Reached * piety under Kikubaaqudgha
  5690 | Sewer    | Received a gift from Kikubaaqudgha
  5876 | Sewer    | Reached skill level 1 in Ice Magic
  6235 | D:6      | Killed Prince Ribbit
  6236 | D:6      | Reached XP level 9. HP: 45/45 MP: 24/24
  6331 | D:6      | Reached ** piety under Kikubaaqudgha
  6875 | D:7      | Reached skill level 5 in Ice Magic
  6995 | D:7      | Reached skill level 10 in Spellcasting
  7255 | D:7      | Found a hazy altar of Hepliaklqana.
  7492 | D:7      | Found a shimmering blue altar of Sif Muna.
  7691 | D:7      | Found an iron altar of Okawaru.
  7812 | D:7      | Found a burning altar of Makhleb.
  8010 | D:8      | Found a runed translucent gate.
  8010 | D:8      | Found a runed translucent gate.
  8012 | D:8      | Noticed a ten-headed hydra
  8012 | D:8      | Noticed Tang's ghost (novice HuMo)
  8013 | D:8      | Noticed an 11-headed hydra
  8014 | D:8      | Found a runed translucent gate.
  8183 | D:8      | Noticed Maggie
  8203 | D:8      | Killed Maggie
  8209 | D:8      | Reached XP level 10. HP: 50/50 MP: 11/27
  8523 | D:8      | Learned a level 5 spell: Freezing Cloud
  9055 | D:9      | Found a staircase to the Orcish Mines.
  9063 | D:9      | Reached *** piety under Kikubaaqudgha
  9063 | D:9      | Received a gift from Kikubaaqudgha
  9078 | D:8      | Learned a level 5 spell: Borgnjor's Vile Clutch
  9083 | D:8      | Learned a level 4 spell: Dispel Undead
  9333 | D:9      | Reached skill level 10 in Ice Magic
  9476 | D:9      | Reached **** piety under Kikubaaqudgha
  9630 | D:9      | Noticed a deep elf pyromancer
  9638 | D:9      | Killed a deep elf pyromancer
  9733 | D:9      | Found a staircase to the Lair.
  9760 | D:9      | Reached XP level 11. HP: 54/54 MP: 19/29
 10658 | D:9      | Learned a level 7 spell: Ozocubu's Refrigeration
 10689 | D:10     | Entered Level 10 of the Dungeon
 10887 | D:10     | Found Weolem's Assorted Antiques.
 10895 | D:10     | Bought a dented cabochon amulet for 150 gold pieces
 10895 | D:10     | Bought a bubbling golden potion for 27 gold pieces
 11060 | D:10     | Found the +8 trishula "Condemnation" {holy, anguish, *Noise
                  | Fly rN+}
 11088 | D:10     | Found Xaimm's Distillery.
 11096 | D:10     | Bought a potion of heal wounds for 60 gold pieces
 12303 | D:11     | Noticed a wizard
 12397 | Lair:1   | Entered Level 1 of the Lair of Beasts
 13257 | Lair:1   | Reached XP level 12. HP: 59/59 MP: 32/32
 13496 | Lair:2   | Reached skill level 15 in Spellcasting
 13496 | Lair:2   | Reached skill level 9 in Necromancy
 13613 | Lair:2   | Reached ***** piety under Kikubaaqudgha
 13804 | Lair:2   | Noticed Amaemon
 13808 | Lair:2   | Reached skill level 10 in Necromancy
 13810 | Lair:2   | Killed Amaemon
 13876 | Lair:2   | Reached skill level 11 in Necromancy
 13965 | Lair:2   | Noticed Harold
 13970 | Lair:2   | Killed Harold
 14167 | Lair:2   | Found a staircase to the Shoals.
 14829 | Lair:3   | Reached skill level 12 in Necromancy
 15138 | Lair:3   | Found a staircase to the Snake Pit.
 15341 | Lair:3   | Reached skill level 13 in Necromancy
 15486 | Lair:3   | Reached XP level 13. HP: 63/63 MP: 17/35
 15543 | Lair:3   | Identified the +1 scale mail "Foutwuoc" {Will+++ Int+4
                  | Stlth-}
 15950 | Lair:4   | Found a blossoming altar of Fedhas.
 16118 | Lair:4   | Reached skill level 14 in Necromancy
 16142 | Lair:4   | Found a staircase to the Slime Pits.
 16143 | Lair:4   | Found a viscous altar of Jiyva.
 16448 | Lair:4   | Reached skill level 15 in Necromancy
 16973 | Lair:5   | Entered Level 5 of the Lair of Beasts
 17235 | Lair:5   | Reached skill level 16 in Necromancy
 17685 | Lair:5   | Reached skill level 17 in Necromancy
 17685 | Lair:5   | Reached ****** piety under Kikubaaqudgha
 17687 | Lair:5   | Noticed a dire elephant
 17698 | Lair:5   | Killed a dire elephant
 17887 | Lair:5   | Reached skill level 18 in Necromancy
 17927 | Lair:5   | Received a gift from Kikubaaqudgha
 17937 | Lair:5   | Learned a level 8 spell: Borgnjor's Revivification
 17968 | Lair:5   | Reached XP level 14. HP: 68/68 MP: 31/36
 18482 | Orc:1    | Entered Level 1 of the Orcish Mines
 19080 | Orc:1    | Reached skill level 19 in Necromancy
 19340 | Orc:1    | Identified the +6 dagger "Cuiwewn" {flame, rN++ Str+2 Int+3
                  | Dex-2}
 19384 | Orc:2    | Entered Level 2 of the Orcish Mines
 19391 | Orc:2    | Found a staircase to the Elven Halls.
 19992 | Orc:2    | Noticed Saint Roka
 20000 | Orc:2    | Killed Saint Roka
 20012 | Orc:2    | Noticed Nessos
 20019 | Orc:2    | Killed Nessos
 20020 | Orc:2    | Reached skill level 20 in Necromancy
 20840 | Orc:2    | Found Burhohau's Weapon Boutique.
 20840 | Orc:2    | Found Xabruv's General Store.
 20842 | Orc:2    | Found Duats's Weapon Shoppe.
 20844 | Orc:2    | Found Xaobysu's Magic Scroll Shop.
 20856 | Orc:2    | Bought a scroll of blinking for 112 gold pieces
 21377 | D:11     | Reached skill level 21 in Necromancy
 21450 | D:11     | Found the +3 warlock's mirror {omnireflect}
 22111 | D:12     | Noticed Frances
 22118 | D:12     | Killed Frances
 22790 | D:13     | Identified the +8 hand axe of the Hummingbird {vamp,
                  | Fragile rElec rF+ Will++}
 22898 | D:13     | Noticed Maurice
 22903 | D:13     | Killed Maurice
 23543 | D:13     | Reached XP level 15. HP: 72/72 MP: 33/37
 23742 | D:13     | Reached skill level 22 in Necromancy
 24353 | D:14     | Noticed Louise
 24439 | D:14     | Found a radiant altar of Vehumet.
 24504 | D:14     | Noticed Urug
 24510 | D:14     | Killed Urug
 24701 | D:14     | Found a gate to the Vaults.
 24741 | D:14     | Killed Louise
 24932 | D:14     | Reached skill level 23 in Necromancy
 25191 | D:14     | Found Get Otaf's Distillery.
 25201 | D:14     | Bought a potion of heal wounds for 50 gold pieces
 25340 | D:15     | Entered Level 15 of the Dungeon
 25619 | D:15     | Learned a level 9 spell: Death's Door
 25646 | D:15     | Identified the +3 scale mail of Adirewn {rElec Dex+2}
 26359 | D:15     | Found a staircase to the Depths.
 26359 | D:15     | Noticed a frost giant
 26366 | D:15     | Killed a frost giant
 26580 | D:15     | Reached skill level 24 in Necromancy
 26896 | Shoals:1 | Entered Level 1 of the Shoals
 27267 | Shoals:1 | Identified the +2 robe of a volcano {Str+4}
 27506 | Shoals:1 | Noticed Kirke
 27511 | Shoals:1 | Killed Kirke
 28477 | Shoals:2 | Reached skill level 25 in Necromancy
 28845 | Shoals:2 | Reached XP level 16. HP: 76/76 MP: 33/38
 29455 | Shoals:3 | Reached skill level 15 in Ice Magic
 29651 | Shoals:3 | Noticed a kraken
 29969 | Shoals:3 | Noticed kelmen2's ghost (adept MiBe)
 29972 | Shoals:3 | Identified the +8 morningstar "Hahyex" {elec, Fragile
                  | +Blink rPois Stlth+}
 29972 | Shoals:3 | Identified the ring of Sovereignty {Int+4 Dex+6}
 30123 | Shoals:3 | Found a transporter.
 30345 | Shoals:3 | Found a transporter.
 30557 | Shoals:4 | Entered Level 4 of the Shoals
 30580 | Shoals:4 | Noticed Mara
 30584 | Shoals:4 | Noticed orpdorp's illusion
 30585 | Shoals:4 | Killed Mara
 30948 | Shoals:4 | Noticed a sphinx
 31004 | Shoals:4 | Killed a sphinx
 31635 | Shoals:4 | Identified the +0 leather armour of Ipeefraa {Rampage rCorr
                  | Int+4}
 31638 | Shoals:4 | Got a barnacled rune of Zot
 31898 | Shoals:4 | Noticed a sphinx
 31904 | Shoals:4 | Killed a sphinx
 32502 | Snake:1  | Entered Level 1 of the Snake Pit
 32855 | Snake:1  | Reached XP level 17. HP: 43/80 MP: 16/40
 33073 | Snake:1  | Found a shimmering altar of Xom.
 33816 | Snake:1  | Noticed Agnes
 33824 | Snake:1  | Killed Agnes
 33825 | Snake:1  | Reached skill level 5 in Transmutations
 34609 | Snake:2  | Found a flickering gateway to a bazaar.
 34617 | Bazaar   | Entered a bazaar
 34617 | Bazaar   | Found Heskig's Weapon Boutique.
 34617 | Bazaar   | Found Cysauv's General Store.
 34628 | Bazaar   | Found Poumemyrch's Assorted Antiques.
 34669 | Bazaar   | Found Xatew's Antique Armour Boutique.
 34677 | Bazaar   | Bought a spiked ring mail for 207 gold pieces
 34677 | Bazaar   | Identified the +5 ring mail of Pijeuwy {Slay+3} (You bought
                  | it in a shop in a bazaar)
 34726 | Bazaar   | Bought a fine morningstar for 189 gold pieces
 34726 | Bazaar   | Identified the +8 morningstar "Ciulunk" {flame, rF+ rN+
                  | Will+ Str+2} (You bought it in a shop in a bazaar)
 35997 | Snake:3  | Noticed Aizul
 36001 | Snake:3  | HP: 3/80 [Aizul/bolt of poison (40)]
 36423 | Snake:3  | Learned a level 8 spell: Necromutation
 36858 | Snake:3  | Killed Aizul
 37466 | Snake:4  | Entered Level 4 of the Snake Pit
 37526 | Snake:4  | Noticed Vashnia
 38043 | Snake:4  | Killed Vashnia
 39294 | Snake:4  | Reached XP level 18. HP: 85/85 MP: 38/43
 39730 | Snake:4  | Got a serpentine rune of Zot
 40206 | Snake:4  | Learned a level 9 spell: Polar Vortex
 40524 | Vaults:1 | Entered Level 1 of the Vaults
 42569 | Vaults:1 | Identified the +3 scale mail of the Big Bang {SInv}
 42864 | Elf:1    | Entered Level 1 of the Elven Halls
 44399 | Elf:2    | Found a runed translucent gate.
 44515 | Elf:2    | Found a runed translucent gate.
 44519 | Elf:2    | Found a runed translucent gate.
 44775 | Elf:3    | Entered Level 3 of the Elven Halls
 44825 | Elf:3    | Found an ancient bone altar of Kikubaaqudgha.
 45003 | Elf:3    | Reached XP level 19. HP: 89/89 MP: 33/45
 46575 | Elf:3    | Shot with an arrow by a deep elf master archer

Illustrated notes

Levels and vault maps discovered:
D:1:      ebering_hopf_link, layout_basic,
          hellmonk_ecumenical_altar_pennies_from_heaven
D:2:      minmay_diamond_boxcup, layout_basic
D:3:      wad_crossroads, layout_basic, minmay_randomly_rotated_circles
D:4:      layout_rooms, serial_shops, shop, serial_rivers,
          chequers_serial_rivers_room_a, chequers_serial_rivers_micro_d,
          chequers_serial_rivers_room_a, chequers_serial_rivers_small_a,
          chequers_serial_rivers_small_a, chequers_serial_rivers_large_a,
          minmay_distorted
D:5:      black_bear_nest_2, layout_basic, minmay_temple_entry_fiery,
          enter_ossuary_3, chequers_jeans, roderic_batcave
D:6:      layout_cave_pools, gup_sewer_entry_bubbles, uniq_prince_ribbit1,
          uniq_eustachio
D:7:      layout_basic, kennysheep_orc_sif_temple, okawaru_humans,
          mainiacjoe_overflow_tiny_flanked, mainiacjoe_overflow_cross_hatched
D:8:      layout_rooms, gammafunk_ghost_hydra_chop, minmay_diced_spiral,
          uniq_maggie
D:9:      layout_basic, minmay_lair_entry_grove, zombieorc2_lemuel,
          small_statue_intersection
D:10:     layout_grid_maze, serial_shops, nicolae_shop_tiny_statue_garden, shop,
          roderic_filled_cross
D:11:     minmay_smoke_and_mirrors, layout_long_grid, abandoned_shop,
          grunt_ministairs_1
D:12:     layout_loops_ring, uniq_frances
D:13:     layout_layer_cave, uniq_maurice
D:14:     layout_layer_cave, david_vaults_3, nicolae_vehumet_radiance,
          serial_shops, nicolae_shop_stone, uniq_louise
D:15:     grunt_enter_depths_snipers, layout_cave_pools,
          hangedman_abyss_or_decor_stagger
Temple:   nicolae_temple_no_exploring_needed
Lair:1:   layout_loops_ring
Lair:2:   layout_small_grid, minmay_shoals_entry_hut, beast_lair_carwin_7,
          infiniplex_staircase_pool, serial_bayou_shore_b, grunt_megastairs_3,
          serial_bayou_shore_b, uniq_urug, uniq_amaemon, uniq_harold
Lair:3:   lemuel_reptile_caves, layout_small_grid,
          minmay_snake_entry_guardpost_small, grunt_megastairs_2
Lair:4:   layout_roguey, slime_entry_1, basic_altar, nicolae_lair_yak_garden
Lair:5:   grunt_lair_end_beastmaster, layout_gridlike, evilmike_ambush
          [evilmike_ambush_outer_corners, evilmike_ambush_inner_wall_1],
          grunt_megastairs_5, lemuel_fruit_tree
Shoals:1: layout_shoals, uniq_kirke
Shoals:2: nicolae_shoals_aurelia_aurita, layout_shoals
Shoals:3: layout_shoals, ebering_ghost_davey_jones
Shoals:4: shoals_end_hellmonk_lost_city, uniq_mara
Snake:1:  layout_chambers, basic_altar, uniq_agnes
Snake:2:  layout_gridlike, serial_shops, bzr_entry_islet
Snake:3:  layout_onion, serial_bayou_shore_a, nicolae_integral_box,
          serial_bayou_shore_b, uniq_aizul
Snake:4:  grunt_snake_rune_spirals, layout_onion_interference, uniq_vashnia
Orc:1:    hellmonk_paralyzer, layout_caves, nicolae_orc_sculptors_studio
Orc:2:    st_orc_rangers, layout_caves, nicolae_orc_lost_temple, uniq_nessos,
          uniq_saint_roka
Elf:1:    elf_arrival_001, layout_geoelf_diagonals,
          kennysheep_underground_church, nicolae_elf_free_trip_to_the_abyss
Elf:2:    nicolae_elf_blades_splatter_lattice
          [nicolae_blade_entry_area_security], layout_geoelf_diagonals
Elf:3:    grunt_elf_hall_asides, layout_gridlike, basic_altar, hex_medium,
          grunt_ministairs_3
Vaults:1: grunt_vaults_trifunnel, v_misc_10, nicolae_vaults_prndl,
          ontoclasm_vaults_hangar, nicolae_vaults_more_shelving_2,
          vaults_room_hallway, nicolae_vaults_mitosis,
          nicolae_vaults_storage_room_water, nicolae_vaults_prndl,
          v_alt_pattern_3, layout_vaults_omnicross

Skill      XL: |  1  2  3  4  5  6  7  8  9 10 11 12 13 14 15 16 17 18 19 |
---------------+----------------------------------------------------------+-----
Conjurations   | 1 2 3 4 5 |  5.0
Spellcasting   | 4 5 6 7 9 11 12 14 16 17 19 20 21 | 21.5
Evocations     | 2 |  2.1
Necromancy     | 3 6 8 13 18 21 25 | 25.0
Ice Magic      | 3 8 11 14 18 19 22 23 | 23.0
Transmutations | 3 8 |  8.1
Maces & Flails | |  0.2
Dodging        | |  2.4
Stealth        | |  2.4
Earth Magic    | |  3.2

Action                     |  1- 3 |  4- 6 |  7- 9 | 10-12 | 13-15 | 16-18 | 19-21 || total
---------------------------+-------+-------+-------+-------+-------+-------+-------++-------
  Melee: Dagger            |       |     2 |    48 |       |       |       |       ||    50
         Whip              |       |       |    44 |    42 |    26 |       |       ||   112
         Punch             |       |       |     1 |     2 |       |       |       ||     3
         Staff             |       |       |       |       |     2 |       |       ||     2
         Hand axe          |       |       |       |       |       |     2 |       ||     2
   Cast: Sandblast         |    53 |    72 |   142 |    34 |     1 |     1 |       ||   303
         Passwall          |     2 |       |       |       |       |       |       ||     2
         Stone Arrow       |     1 |     7 |   108 |    52 |    28 |    11 |       ||   207
         Dispel Undead     |       |       |       |    40 |    10 |       |       ||    50
         Freezing Cloud    |       |       |       |    41 |    12 |    13 |       ||    66
         Borgnjor's Vile C |       |       |       |    47 |    15 |     7 |       ||    69
         Ozocubu's Refrige |       |       |       |    64 |   412 |   543 |    45 ||  1064
         Death's Door      |       |       |       |       |     2 |     7 |     3 ||    12
         Necromutation     |       |       |       |       |       |     1 |       ||     1
         Polar Vortex      |       |       |       |       |       |    11 |    11 ||    22
 Invoke: Receive Forbidden |       |       |       |       |     1 |       |       ||     1
  Evoke: Wand              |       |     5 |       |       |     3 |     6 |       ||    14
         Phantom mirror    |       |       |       |       |     1 |     2 |       ||     3
         Box of beasts     |       |       |       |       |     1 |     3 |     1 ||     5
    Use: Scroll            |       |     7 |    12 |     7 |     7 |    14 |     3 ||    50
         Potion            |       |       |     8 |     5 |    12 |    13 |       ||    38
 Armour: Robe              |     2 |    12 |    69 |    27 |    39 |    18 |     7 ||   174
         Skin              |       |       |     9 |    16 |       |       |       ||    25
  Dodge: Dodged            |    16 |    25 |   112 |    76 |    69 |    77 |    13 ||   388
         Repelled          |       |       |       |       |       |    10 |     1 ||    11
